 Dungeon Sprint DCSS version 0.21-a0-349-g0c35859 (webtiles) character file.

937 Conn321 the Arsonist (level 7, 0/54 HPs)
             Began as a Deep Elf Fire Elementalist on Oct 8, 2017.
             Was a High Priest of Sif Muna.
             Succumbed to a killer bee's poison
             ... in the Dungeon (Sprint VII: "The Pits").
             The game lasted 00:07:11 (662 turns).

Conn321 the Arsonist (Deep Elf Fire Elementalist)    Turns: 662, Time: 00:07:11

Health: 0/54       AC:  2    Str: 10    XL:     7   Next: 87%
Magic:  1/24       EV: 17    Int: 22    God:    Sif Muna [*****.]
Gold:   0          SH:  0    Dex: 15    Spells: 14/30 levels left

rFire    . . .     SeeInvis .   j - +2 dagger
rCold    . . .     Gourm    .   (no shield)
rNeg     . . .     Faith    .   a - +0 robe
rPois    .         Spirit   .   (no helmet)
rElec    .         Reflect  .   (no cloak)
rCorr    .         Harm     .   (no gloves)
MR       .....     NoTele   +   (no boots)
Stlth    ..........             (no amulet)
HPRegen  0.18/turn              (no ring)
MPRegen  0.19/turn              (no ring)

@: berserking, lethally poisoned (0 -> -6), very slightly contaminated,
invisible, very quick
A: no striking features
a: Divine Energy, Channel Magic, Forget Spell, Renounce Religion


You were in the Dungeon.
You worshipped Sif Muna.
Sif Muna was extremely pleased with you.
You were not hungry.

You visited 1 branch

Inventory:

Hand Weapons
 j - a +2 dagger (weapon)
Armour
 a - a +0 robe (worn)
Scrolls
 l - 3 scrolls of remove curse
 m - 5 scrolls of amnesia
Potions
 f - a potion of haste
 g - 4 potions of magic
 h - 2 potions of berserk rage
 k - a potion of invisibility
Books
 b - a book of Flames

   Spells                             Type                      Level
   a - Flame Tongue                   Conjuration/Fire             1
   b - Throw Flame                    Conjuration/Fire             2
   c - Conjure Flame                  Conjuration/Fire             3
   d - Inner Flame                    Hexes/Fire                   3
   e - Sticky Flame                   Conjuration/Fire             4
   f - Fireball                       Conjuration/Fire             5
 e - Sif Muna's Handbook of Bewitching Feathers
   (Sif Muna gifted it to you in the Dungeon)

   Spells                             Type                      Level
   a - Shock                          Conjuration/Air              1
   b - Confuse                        Hexes                        3
   c - Tukima's Dance                 Hexes                        3
   d - Lightning Bolt                 Conjuration/Air              5
   e - Summon Mana Viper              Hexes/Summoning              5
   f - Conjure Ball Lightning         Conjuration/Air              6
Comestibles
 c - 8 bread rations
 o - 40 fruits
 p - 7 meat rations


   Skills:
 + Level 7.8 Dodging
 + Level 6.2 Stealth
 + Level 12.0 Spellcasting
 + Level 6.1 Conjurations
 + Level 12.4 Fire Magic


You had 14 spell levels left.
You knew the following spells:

 Your Spells              Type           Power        Failure   Level  Hunger
a - Flame Tongue          Conj/Fire      #####        1%          1    None
b - Conjure Flame         Conj/Fire      ######..     1%          3    None
c - Sticky Flame          Conj/Fire      ######..     1%          4    None
d - Fireball              Conj/Fire      ######....   3%          5    ####...
e - Confuse               Hex            ##......     14%         3    None


Dungeon Overview and Level Annotations

Branches:
Dungeon (1/1)

Altars:
Ashenzari
Cheibriados
Dithmenos
Elyvilon
Fedhas
Gozag
Hepliaklqana
Kikubaaqudgha
Makhleb
Nemelex Xobeh
Okawaru
Qazlal
Ru
Sif Muna
Trog
Uskayaw
Vehumet
Wu Jian
Xom
Yredelemnul
Zin
The Shining One
Beogh
Jiyva
Lugonu


Message History

The killer bee poisons you!
You feel better. The killer bee stings you.
* * * LOW HITPOINT WARNING * * *
You are lethally poisoned!
The killer bee poisons you! The killer bee barely misses you.
Okay, then.
Okay, then.
Casting: Confuse
Confirm with . or Enter, or press ? or * to list all spells.
Okay, then.
You miss the killer bee.
* * * LOW HITPOINT WARNING * * *
You feel sick.
Something shouts, "Scamper home, thou pox-marked ruttish nert!"
The killer bee stings you.
* * * LOW HITPOINT WARNING * * *
The killer bee misses you.
A red film seems to cover your vision as you go berserk!
You feel yourself moving faster!
You feel mighty!
You die...

#.# #)......# #.#
#)....).#
#'###########.......#
#.......#..##########
#.......#)######
#...#...#D#....#
#..###..#)#...
#...#...#.'5.5.+
#......@#'#....#
#.......y5#....#
########### ####


You could see a killer bee and an iron imp (wandering).

Vanquished Creatures
  A basilisk (D)
  A warg (D)
  2 hungry ghosts (D)
  An orc warrior (D)
  4 killer bees (D)
  An orc wizard (D)
  An iguana (D)
  A worker ant (D)
  A gnoll (D)
  An orc (D)
  A quokka (D)
  A bat (D)
16 creatures vanquished.

Vanquished Creatures (collateral kills)
  An orc warrior (D)
  An orc wizard (D)
  An orc (D)
3 creatures vanquished.

Grand Total: 19 creatures vanquished

Notes
Turn   | Place    | Note
-------+----------+-------------------------------------------
     0 | D        | Conn321 the Deep Elf Fire Elementalist began the quest for the Orb.
     0 | D        | Reached XP level 1. HP: 10/10 MP: 6/6
    11 | D        | Reached XP level 2. HP: 15/15 MP: 3/8
    42 | D        | Found a glowing golden altar of the Shining One.
    42 | D        | Found a glowing silver altar of Zin.
    42 | D        | Found a basalt altar of Yredelemnul.
    42 | D        | Found a shimmering altar of Xom.
    42 | D        | Found an ornate altar of the Wu Jian Council.
    42 | D        | Found a bloodstained altar of Trog.
    42 | D        | Found a deep blue altar of Sif Muna.
    42 | D        | Found a sacrificial altar of Ru.
    42 | D        | Found a stormy altar of Qazlal.
    42 | D        | Found an iron altar of Okawaru.
    42 | D        | Found a sparkling altar of Nemelex Xobeh.
    42 | D        | Found a burning altar of Makhleb.
    42 | D        | Found a viscous altar of Jiyva.
    42 | D        | Found a hazy altar of Hepliaklqana.
    42 | D        | Found an opulent altar of Gozag.
    42 | D        | Found a blossoming altar of Fedhas.
    42 | D        | Found a white marble altar of Elyvilon.
    42 | D        | Found a shadowy altar of Dithmenos.
    42 | D        | Found a snail-covered altar of Cheibriados.
    44 | D        | Found a radiant altar of Vehumet.
    44 | D        | Found a corrupted altar of Lugonu.
    44 | D        | Found a roughly hewn altar of Beogh.
    45 | D        | Found an ancient bone altar of Kikubaaqudgha.
    45 | D        | Found a hide-covered altar of Uskayaw.
    45 | D        | Found a shattered altar of Ashenzari.
    46 | D        | Became a worshipper of Sif Muna the Loreminder
    75 | D        | Noticed a hungry ghost
    77 | D        | Noticed an orc warrior
    82 | D        | Noticed a phantom
    82 | D        | Killed a hungry ghost
    82 | D        | Reached * piety under Sif Muna
    82 | D        | Reached XP level 3. HP: 13/19 MP: 1/13
    82 | D        | Reached XP level 4. HP: 17/24 MP: 1/14
   124 | D        | Killed an orc warrior
   124 | D        | Reached ** piety under Sif Muna
   124 | D        | Reached skill level 5 in Dodging
   124 | D        | Reached XP level 5. HP: 22/28 MP: 5/17
   177 | D        | Learned a level 3 spell: Conjure Flame
   182 | D        | Learned a level 4 spell: Sticky Flame
   188 | D        | Learned a level 5 spell: Fireball
   208 | D        | Noticed a hungry ghost
   224 | D        | Killed a hungry ghost
   224 | D        | Reached *** piety under Sif Muna
   224 | D        | Reached skill level 5 in Stealth
   224 | D        | Reached skill level 10 in Fire Magic
   224 | D        | Reached XP level 6. HP: 26/32 MP: 3/20
   409 | D        | Noticed a basilisk
   413 | D        | Killed a basilisk
   413 | D        | Reached **** piety under Sif Muna
   413 | D        | Reached skill level 10 in Spellcasting
   413 | D        | Reached XP level 7. HP: 30/36 MP: 17/22
   462 | D        | Reached skill level 5 in Conjurations
   472 | D        | Reached ***** piety under Sif Muna
   472 | D        | Identified Sif Muna's Handbook of Bewitching Feathers (Sif Muna gifted it to you in the Dungeon)
   472 | D        | Received a gift from Sif Muna
   617 | D        | Learned a level 3 spell: Confuse
   644 | D        | Noticed a swamp dragon
   661 | D        | HP: 1/36 [killer bee (4)]
   662 | D        | Succumbed to a killer bee's poison

Vault maps used:
D:        pitsprint

Skill      XL: |  1  2  3  4  5  6  7 |
---------------+----------------------+-----
Dodging        | 3 4 5 6 7 |  7.8
Fire Magic     | 4 8 9 10 11 12 | 12.4
Stealth        | 4 5 6 |  6.2
Spellcasting   | 6 7 9 10 12 | 12.0
Conjurations   | 2 3 4 6 |  6.1

Action                   |  1- 3 |  4- 6 |  7- 9 || total
-------------------------+-------+-------+-------++-------
Melee: Dagger            |       |     2 |     2 ||     4
 Cast: Flame Tongue      |     9 |    21 |    27 ||    57
       Sticky Flame      |       |     2 |     5 ||     7
       Conjure Flame     |       |     1 |     2 ||     3
       Confuse           |       |       |     1 ||     1
  Use: Scroll            |       |     1 |     1 ||     2
       Potion            |       |     1 |     3 ||     4
  Eat: Chunk             |       |     3 |     2 ||     5
Armor: Robe              |     2 |     5 |     1 ||     8
Dodge: Dodged            |       |    26 |    20 ||    46

Table legend:
 A = Spawn XP
 B = Non-spawn XP
 C = Spawn XP percentage of total XP
 D = Spawn monster count
 E = Non-spawn monster count
 F = Spawn count percentage of total count
 G = Total turns spent on level
                    A         B        C        D         E        F      G
               +---------+---------+-------+---------+---------+-------+---------
         Total |       0 |    1339 |   0.0 |       0 |      19 |   0.0 |   662
               +---------+---------+-------+---------+---------+-------+---------
             D |       0 |    1339 |   0.0 |       0 |      19 |   0.0 |   662
               +---------+---------+-------+---------+---------+-------+---------
